cohdb
Replays
Latest Replays
All Replays
Popular Replays
Top Player Replays
Match Explorer
How It Works
Community
CoH3 Stats
Reddit
Sign in to upload your games and track your stats! →
Sign in with Steam
Match 44266745
Unlisted
Match 44266745
Overview
Messages
Build Orders
End
Kettenkrad Recon Vehicle
Construct Infanterie Kompanie
Selects Italian Coastal Battlegroup
Selects Coastal Reserves
MG 42 Machine Gun Team
Coastal Reserve
MG 42 Bunker
MG 42 Bunker
MG 42 Bunker
GrW 34 Mortar Team
GrW 34 Mortar Team
Selects Support Bunkers
Selects Rapid Fortifications
MG 42 Bunker
Rapid Fortifications
MG 42 Bunker
Coastal Reserve
Rapid Fortifications
MG 42 Bunker
Medical Bunker
Selects Bulwark
MG 42 Bunker
Rapid Fortifications
MG 42 Bunker
Selects Artillery Officer
Kettenkrad Recon Vehicle
Rapid Fortifications
MG 42 Bunker
MG 42 Bunker
Selects Obice da 210/22 Artillery Emplacement
Rapid Fortifications
MG 42 Bunker
MG 42 Bunker
Rapid Fortifications
Artillery Officer
MG 42 Bunker
Rapid Fortifications
MG 42 Bunker
Coastal Reserve
Coastal Reserve
Rapid Fortifications
MG 42 Bunker
Rapid Fortifications
MG 42 Bunker
MG 42 Bunker
Rapid Fortifications
MG 42 Bunker
Coastal Reserve
qyclub.top
90WISHROCKX
feellilfunky
Under Taker
Bran
DrewP
Dillbro
Truax
0
0
Comments
sign in to comment!
No comments posted yet!